 Dungeon Crawl Stone Soup version 0.32-a0-41-gec2d92a32c (webtiles) character file.

Game seed: 4576087524562308833

77 porpoise the Apothecary (level 4, -1/30 HPs)
             Began as a Merfolk Alchemist on Jan 26, 2024.
             Slain by Robin
             ... wielding a +1 heavy spear
              (10 damage)
             ... on level 3 of the Dungeon.
             The game lasted 00:09:06 (1826 turns).

porpoise the Apothecary (Merfolk Alchemist)         Turns: 1826, Time: 00:09:07

Health: -1/30      AC:  2    Str:  8    XL:     4   Next: 34%
Magic:  8/8        EV: 12    Int: 16    God:
Gold:   95         SH:  0    Dex: 14    Spells: 5/8 levels left

rFire   . . .        a - +0 whip (elec)
rCold   . . .        (no shield)
rNeg    . . .        g - +0 robe
rPois   .            (no helmet)
rElec   .            (no cloak)
rCorr   +            (no gloves)
SInv    .            (no boots)
Will    .....        (no amulet)
Stlth   ++           d - ring of resist corrosion
HPRegen 0.25/turn    (no ring)
MPRegen 0.11/turn

%: no passive effects
@: no status effects
A: (nimble swimmer 2), mertail
a: no special abilities


You were on level 3 of the Dungeon.
You visited 1 branch of the dungeon, and saw 3 of its levels.

You collected 95 gold pieces.

Inventory:

Hand Weapons
 a - a +0 whip of electrocution (weapon)
 b - a +0 spear
 k - a +0 antimagic dagger
Armour
 g - a +0 robe (worn)
Jewellery
 d - a ring of resist corrosion (left hand)
Scrolls
 c - a scroll of enchant weapon {unknown}
 e - a scroll of amnesia {unknown}
 j - 2 scrolls of identify {unknown}
Potions
 f - a potion of degeneration {unknown}
 h - a potion of magic
 i - 2 potions of heal wounds {unknown}


   Skills:
 - Level 2.6 Dodging
 - Level 2.1 Stealth
 + Level 2.9 Spellcasting
 + Level 1.9 Conjurations
 + Level 5.0 Alchemy


You had 5 spell levels left.
You knew the following spells:

 Your Spells              Type           Power      Damage    Failure   Level
a - Sting                 Conj/Alch      52%        1d6       4%          1
b - Mercury Vapours       Alch/Air       20%        N/A       10%         2

Your spell library contained the following spells:

 Spells                   Type           Power      Damage    Failure   Level
 Shock                    Conj/Air       20%        1d4       13%         1
 Mephitic Cloud           Conj/Alch/Air  9%         N/A       22%         3
 Olgreb's Toxic Radiance  Alch           18%        N/A       24%         4
 Swiftness                Air            2%         N/A       50%         3
 Sticky Flame             Fire/Alch      10%        2d5       54%         4
 Airstrike                Air            1%         2d(1-17)  88%         4
 Ozocubu's Refrigeration  Ice            1%         4d7       100%        7
 Discord                  Hex            1%         N/A       100%        8


Dungeon Overview and Level Annotations

Branches:
Dungeon (3/15)

Altars:

Annotations:
D:3 Robin


Innate Abilities, Weirdness & Mutations

((You are very nimble when in or above water. (Stealth+, EV+, Speed+++)))
Your lower body shifts to a powerful aquatic tail in water.


Message History

The goblin shouts!
You hear a shout!
Robin says, "A pitiful Merfolk like you will never find the ORB!"
A goblin comes into view. It is wielding a +0 dagger.
The hobgoblin attacks as it pursues you!
The hobgoblin misses you.
You hit the hobgoblin.
Lightning courses through the hobgoblin!
You kill the hobgoblin!
You hit the goblin but do no damage. Lightning courses through the goblin!
You kill the goblin!
Robin barely misses you.
The hobgoblin shouts!
You hear a shout!
A goblin comes into view. It is wielding a +0 club.
The goblin barely misses you.
Robin says, "My goblins will feast on your bones."
Robin hits you with a +1 heavy spear!
You barely miss Robin. The goblin hits you with a +0 dagger.
A goblin comes into view. It is wielding a +0 dagger.
The goblin shouts!
You hit Robin.
Robin is moderately wounded.
You hear an angry hiss.
The hobgoblin no longer looks unusually strong.
A goblin comes into view. It is wielding a +0 dagger.
The goblin hits you but does no damage. The goblin completely misses you.
Robin closely misses you. The goblin hits you with a +0 club.
The goblin hits you with a +0 dagger.
* * * LOW HITPOINT WARNING * * *
You barely miss Robin.
Robin is moderately wounded.
The goblin no longer looks unusually strong. x3
Robin roars a battlecry!
The goblins go into a battle-frenzy!
The goblin barely misses you. The goblin closely misses you.
You hit Robin but do no damage.
Robin is moderately wounded.
Robin hits you with a +1 heavy spear!
You die...
Robin calls out, "Let's celebrate!
Time for a feast!"

##.#.# ###.# .g #.#
##.# g# #.# #..#
g.#.# #.## # #.#.#
######### #.#
S#.##.#.# #)......#
#.#
.....Sgg###.#####.#
#.#
#...ggg@g...##.###.#
.#..g#g#..#........#
#..#..#.......#####
#.....##.######
#.#.#####.# ##.. #.#
##. ..# ## ###


You could see Robin, a hobgoblin (strong), 6 goblins and a ball python.

Vanquished Creatures
  3 gnolls (D:3)
  An adder (D:2)
  3 dart slugs
  A ribbon worm (D:2)
  2 ball pythons (D:3)
  3 endoplasms
  4 goblins
  4 hobgoblins
  A quokka (D:2)
  4 bats
  2 kobolds (D:2)
  5 rats
33 creatures vanquished.

Notes
Turn   | Place    | Note
-------+----------+-------------------------------------------
     0 | D:1      | porpoise the Merfolk Alchemist began the quest for the Orb.
     0 | D:1      | Reached XP level 1. HP: 13/13 MP: 3/3
   135 | D:1      | Found a faded altar of an unknown god.
   184 | D:1      | Reached skill level 1 in Conjurations
   227 | D:1      | Reached XP level 2. HP: 12/19 MP: 1/5
   306 | D:1      | Learned a level 2 spell: Mercury Vapours
  1066 | D:2      | Reached XP level 3. HP: 6/24 MP: 3/6
  1682 | D:3      | Reached XP level 4. HP: 26/30 MP: 1/8
  1743 | D:3      | Reached skill level 5 in Alchemy
  1809 | D:3      | Noticed Robin
  1826 | D:3      | Slain by Robin

Illustrated notes

Levels and vault maps discovered:
D:1:      orjb1_clovarrival, layout_loops_ring, dreamdust_ecumenical_altar_grove
D:2:      layout_basic, minmay_misc_feat_plants, minivault_23
D:3:      layout_loops_cross, mainiacjoe_overflow_catch_the_wave,
          mainiacjoe_overflow_six_doors_small, grunt_ministairs_3,
          serial_park_tiny_1, uniq_robin, uniq_grinder

Skill      XL: |  1  2  3  4 |
---------------+-------------+-----
Conjurations   | 1 |  1.9
Alchemy        | 5 |  5.0
Dodging        | |  2.6
Stealth        | |  2.1
Spellcasting   | |  2.9

Action                     |  1- 3 |  4- 6 || total
---------------------------+-------+-------++-------
  Melee: Unarmed           |     7 |       ||     7
         Whip              |    60 |     8 ||    68
   Cast: Sting             |    32 |     2 ||    34
         Mercury Vapours   |     2 |       ||     2
   Stab: Sleeping          |     3 |       ||     3
 Armour: Robe              |    43 |     9 ||    52
  Dodge: Dodged            |    48 |     8 ||    56

Table legend: (Time is in decaauts)
 A = Elapsed time spent in this place.
 B = Non-inter-level travel time spent in this place.
 C = Inter-level travel time spent in this place.
 D = Time resting spent in this place.
 E = Time spent auto-exploring this place.
 F = Levels seen in this place.
 G = Mean time per level.
                   A        B        C        D        E       F      G
               +--------+--------+--------+--------+--------+-----+--------+
         Total |   1818 |   1756 |     62 |    371 |   1105 |   3 |  606.0 |
       Dungeon |   1818 |   1756 |     62 |    371 |   1105 |   3 |  606.0 |
               +--------+--------+--------+--------+--------+-----+--------+

Top non-repeatable levels by time:
     D:2: 958 daAuts
     D:1: 602 daAuts
     D:3: 257 daAuts
